 Dungeon Crawl Stone Soup version 0.21.0-3-g78d12a8 (webtiles) character file.

182 HungrySpirit the Ducker (level 5, -2/30 HPs)
             Began as a Deep Elf Artificer on Jan 8, 2018.
             Was an Initiate of Cheibriados.
             Slain by an ogre
             ... wielding a +0 giant club
              (16 damage)
             ... on level 4 of the Dungeon.
             The game lasted 00:06:28 (3889 turns).

HungrySpirit the Ducker (Deep Elf Artificer)        Turns: 3889, Time: 00:06:29

Health: -2/30      AC:  3    Str:  8    XL:     5   Next: 35%
Magic:  9/9        EV: 19    Int: 27    God:    Cheibriados [......]
Gold:   99         SH:  0    Dex: 21    Spells: 4/4 levels left

rFire    . . .     SeeInvis .   a - +0 short sword
rCold    + . .     Gourm    .   (no shield)
rNeg     . . .     Faith    .   b - +0 leather armour
rPois    .         Spirit   .   (no helmet)
rElec    .         Reflect  .   (no cloak)
rCorr    .         Harm     .   (no gloves)
MR       .....                  (no boots)
Stlth    +++.......             (no amulet)
HPRegen  0.10/turn              (no ring)
MPRegen  0.11/turn              q - ring of protection from cold

@: brilliant, agile, very slow
A: clever 2, deterioration 1, weak 1
a: Bend Time, Renounce Religion


You were on level 4 of the Dungeon.
You worshipped Cheibriados.
Cheibriados was noncommittal.
You were not hungry.

You visited 1 branch of the dungeon, and saw 4 of its levels.

You collected 99 gold pieces.

Inventory:

Hand Weapons
 a - a +0 short sword (weapon)
Armour
 b - a +0 leather armour (worn)
Jewellery
 k - an uncursed ring of ice
 q - a ring of protection from cold (right hand)
Wands
 d - a wand of enslavement (15)
 e - a wand of random effects (15)
Scrolls
 g - a scroll of teleportation
 j - a scroll of remove curse
 m - a scroll of fear {unknown}
 o - 2 scrolls of identify {unknown}
 t - a scroll of magic mapping {unknown}
Potions
 l - a potion of mutation
 n - a potion of agility
 p - a potion of haste {unknown}
 r - a potion of lignification {unknown}
 s - a potion of flight {unknown}
Comestibles
 f - 5 rations


   Skills:
 + Level 2.1 Fighting
 - Level 3.6 Short Blades
 + Level 3.9 Dodging
 - Level 1.2 Stealth
 * Level 0.5 Unarmed Combat
 - Level 3.2 Evocations


You had 4 spell levels left.
You didn't know any spells.

Dungeon Overview and Level Annotations

Branches:
Dungeon (4/15)
 Temple: D:4-7

Altars:
Cheibriados
Dithmenos
Makhleb
Ru

Annotations:
D:4 p0werm0de's ghost, amateur OpTm


Innate Abilities, Weirdness & Mutations

Your mind is very acute. (Int +4)
Your body sometimes deteriorates upon taking damage.
You are weak. (Str -2)


Message History

You don't have any such object.
Evoke which item? (* to show all) (? for menu, Esc to quit)
Okay, then.
Evoke which item? (* to show all) (? for menu, Esc to quit)
Okay, then.
It was a potion of brilliance.
You feel clever all of a sudden.
It was a potion of mutation.
You feel extremely strange.
You feel weaker.
You feel yourself wasting away.
You feel clever. x2
Okay, then.
It was a potion of agility.
You feel agile all of a sudden.
You hit the ogre.
The ogre is heavily wounded.
The ogre misses you.
You hit the ogre but do no damage.
The ogre is heavily wounded.
The ogre hits you with a giant club!
Ouch! That really hurt!
You die...

#. #.#.# #.## #.#.#
#..# #.#.####
#..######.#....#
#...........##.####
##.######.#........
#.# #.......# #.#
######..# #@# ##..#
#O# #...### #.#
#.#.... #.# #...###
#.# ###W# #.#
####.### #.#
#....... #..
#.##.### #.##.#


You could see an ogre.

Vanquished Creatures
  A hound (D:3)
  A worker ant (D:4)
  6 adders
  3 worms
  3 dart slugs
  A leopard gecko (D:2)
  An orc (D:3)
  A ball python (D:4)
  4 giant cockroaches
  6 goblins
  4 hobgoblins
  7 kobolds
  2 quokkas (D:3)
  16 bats
  3 frilled lizards
  6 rats
65 creatures vanquished.

Notes
Turn   | Place    | Note
-------+----------+-------------------------------------------
     0 | D:1      | HungrySpirit the Deep Elf Artificer began the quest for the Orb.
     0 | D:1      | Reached XP level 1. HP: 11/11 MP: 5/5
   216 | D:1      | Reached skill level 1 in Fighting
   469 | D:1      | Reached XP level 2. HP: 13/16 MP: 6/6
  1371 | D:2      | Reached XP level 3. HP: 20/20 MP: 7/7
  2139 | D:2      | Reached XP level 4. HP: 25/25 MP: 8/8
  2949 | D:3      | Found a burning altar of Makhleb.
  3111 | D:3      | Reached XP level 5. HP: 21/30 MP: 9/9
  3352 | D:3      | Found a sacrificial altar of Ru.
  3359 | D:3      | Found a shadowy altar of Dithmenos.
  3475 | D:3      | Found a snail-covered altar of Cheibriados.
  3488 | D:3      | Became a worshipper of Cheibriados the Contemplative
  3866 | D:4      | Noticed p0werm0de's ghost (amateur OpTm)
  3882 | D:4      | Noticed an ogre
  3886 | D:4      | Gained mutation: You are weak. (Str -2) [potion of mutation]
  3886 | D:4      | Gained mutation: Your body sometimes deteriorates upon taking damage. [potion of mutation]
  3886 | D:4      | Gained mutation: Your mind is acute. (Int +2) [potion of mutation]
  3886 | D:4      | Gained mutation: Your mind is very acute. (Int +4) [potion of mutation]
  3889 | D:4      | Slain by an ogre

Skill      XL: |  1  2  3  4 |
---------------+-------------+-----
Fighting       | 1 2 |  2.1
Short Blades   | 2 3 |  3.6
Dodging        | 3 |  3.9
Stealth        | |  1.2
Unarmed Combat | |  0.5
Evocations     | |  3.2

Action                   |  1- 3 |  4- 6 || total
-------------------------+-------+-------++-------
Melee: Short sword       |   139 |   144 ||   283
Evoke: Wand              |     4 |    11 ||    15
  Use: Scroll            |       |     4 ||     4
       Potion            |       |     3 ||     3
 Stab: Sleeping          |     3 |     1 ||     4
  Eat: Ration            |     1 |       ||     1
       Chunk             |       |     6 ||     6
Armor: Leather armour    |    56 |    36 ||    92
Dodge: Dodged            |    94 |   102 ||   196
